Description

aggressive macro opening in PvT:)

Build Order

Get SALT Encoding   

  12  0:00  Action, Probe  sending probe to the proxy
  13  0:12  Probe  
  14  0:17  Pylon  
  14  0:24  Probe  
  15  0:35  Pylon  
  15  0:36  Probe  
  16  0:48  Probe  
  17  0:53  Gateway  
  17  1:00  Assimilator, Probe  
  18  1:12  Probe  
  19  1:24  Probe  
  20  1:36  Zealot  
  22  1:38  Cybernetics Core (Chrono Boost)  
  22  1:50  Nexus  
  22  1:58  Zealot  
  24  1:59  Probe  
  25  2:04  Assimilator  
  25  2:11  Probe  
  26  2:14  Action  chrono boost zealot
  28  2:20  Warp Gate  
  26  2:23  Stalker, Probe  
  29  2:35  Probe  
  30  2:37  Stalker (Chrono Boost)  
  32  2:38  Pylon  
  32  2:47  Probe  
  32  2:58  Action  twilight/stargate/robo
  33  3:02  Stalker, Probe x2 (Chrono Boost)  
Spawning Tool Build Advisor. Get it on Overwolf

Go to:

Details

  • Created by: Kogotok
  • Published on: Jun 01, 2024
  • Modified on: Jun 01, 2024
  • Patch: 5.0.11
  • Difficulty: Medium
Show
View Real Time Build Order
Export as new Build Order

Comments (0)

There are no comments. Be the first!

Create an account to comment!